 Dungeon Crawl Stone Soup version 0.31-a0-705-ga145531891 (webtiles) character file.

Game seed: 4982661310262645262

1154 randomguy2701 the Cleaver (level 8, -8/70 HPs)
             Began as a Hill Orc Fighter on Sept 10, 2023.
             Killed from afar by a steam dragon (18 damage)
             ... with a ball of steam
             ... on level 6 of the Dungeon.
             The game lasted 00:03:54 (4093 turns).

randomguy2701 the Cleaver (Hill Orc Fighter)        Turns: 4093, Time: 00:03:55

Health: -8/70      AC: 12    Str: 19    XL:     8   Next: 38%
Magic:  8/8        EV: 10    Int:  8    God:
Gold:   212        SH:  5    Dex: 12    Spells: 7/7 levels left

rFire   . . .        a - +0 war axe
rCold   . . .        c - +0 buckler
rNeg    . . .        g - +0 plate armour
rPois   .            (no helmet)
rElec   .            (no cloak)
rCorr   .            (no gloves)
SInv    .            (no boots)
Will    .....        (no amulet) Stlth
                     o - +5 ring of evasion
HPRegen 0.31/turn    (no ring)
MPRegen 0.11/turn

%: no passive effects
@: no status effects
A: no striking features
a: no special abilities


You were on level 6 of the Dungeon.
You visited 1 branch of the dungeon, and saw 6 of its levels.

You collected 212 gold pieces.

Inventory:

Hand Weapons
 a - a +0 war axe (weapon)
Armour
 c - a +0 buckler (worn)
 g - a +0 plate armour (worn)
Jewellery
 o - a +5 ring of evasion (left hand)
 p - a +5 ring of evasion
 t - the ring "Wunetezu" {Wiz *Slow rF+++ Str-5 Slay+6}
   (You took it off an orc on level 4 of the Dungeon)

   [ring of wizardry]

   Wiz:       It improves your spell success rate.
   Str-5:     It affects your strength (-5).
   Slay+6:    It affects your accuracy & damage with ranged weapons and melee
   (+6).
   rF+++:     It renders you almost immune to fire.
   *Slow:     It may slow you when you take damage.
Wands
 x - a wand of light (6)
Scrolls
 d - a scroll of enchant armour {unknown}
 f - a scroll of acquirement {unknown}
 h - 2 scrolls of teleportation {unknown}
 k - a scroll of noise {unknown}
 l - a scroll of vulnerability {unknown}
 q - 2 scrolls of immolation {unknown}
 r - 2 scrolls of poison {unknown}
 s - a scroll of blinking {unknown}
 u - 3 scrolls of identify {unknown}
Potions
 b - a potion of berserk rage {unknown}
 e - 3 potions of heal wounds {unknown}
 i - 3 potions of degeneration {unknown}
 j - a potion of cancellation {unknown}
 m - 2 potions of lignification {unknown}
 n - a potion of brilliance {unknown}
 v - a potion of mutation {unknown}
 w - 2 potions of curing {unknown}
 z - 2 potions of ambrosia {unknown}


   Skills:
 + Level 6.2 Fighting
 + Level 9.5 Axes
 + Level 5.0 Armour
 + Level 0.8 Dodging
 + Level 5.0 Shields


You had 7 spell levels left.
You didn't know any spells.
Your spell library contained the following spells:

 Spells                   Type           Power      Damage    Failure   Level
 Apportation              Tloc           0%         N/A       100%        1
 Necrotise                Necr           0%         1d4       100%        1
 Sandblast                Erth           0%         2d4       100%        1
 Summon Small Mammal      Summ           0%         N/A       100%        1
 Passwall                 Tmut/Erth      0%         N/A       100%        2
 Ozocubu's Armour         Ice            0%         N/A       100%        3
 Stone Arrow              Conj/Erth      0%         3d7       100%        3
 Ozocubu's Refrigeration  Ice            0%         4d7       100%        7


Dungeon Overview and Level Annotations

Branches:
Dungeon (6/15)
 Temple: D:4-7

Altars:
The Shining One

Shops:
D:2 :!?(=   D:4 [::   D:5 :


Message History

The steam dragon breathes steam at you. The ball of steam hits you!
You hear a shout!
You hit the steam dragon.
The steam dragon is severely wounded.
You are engulfed in a cloud of scalding steam.
The steam dragon bites you.
* * * LOW HITPOINT WARNING * * *
The steam dragon claws you but does no damage.
You hit the steam dragon.
The steam dragon is severely wounded.
You are engulfed in a cloud of scalding steam.
The steam dragon bites you.
* * * LOW HITPOINT WARNING * * *
The steam dragon claws you but does no damage.
You closely miss the steam dragon.
The steam dragon is severely wounded.
You are engulfed in a cloud of scalding steam.
The steam dragon barely misses you. The steam dragon claws you.
* * * LOW HITPOINT WARNING * * *
You hit the steam dragon.
The steam dragon is almost dead.
The steam dragon bites you but does no damage.
The steam dragon closely misses you.
The steam dragon bites you but does no damage.
The steam dragon claws you but does no damage.
You hit the steam dragon but do no damage.
The steam dragon is almost dead.
The steam dragon bites you.
* * * LOW HITPOINT WARNING * * *
The steam dragon barely misses you.
You barely miss the steam dragon.
The steam dragon is almost dead.
The steam dragon closely misses you.
The steam dragon claws you but does no damage.
You closely miss the steam dragon.
The steam dragon is almost dead.
The steam dragon breathes steam at you. The ball of steam hits you!!
You die...

... ... ###### #.#
......##.##
..........#
..........#
.<........#
.....).D..####
.......)@....#
.............#
.............#
.............########
.....................
.............#######.
####.#.....<.#
#.#.......# #.......#


You could see a steam dragon (catching breath).

Vanquished Creatures
  Sigmund (D:2)
  Edmund (D:5)
  A water moccasin (D:5)
  2 ogres
  A phantom (D:5)
  A scorpion (D:4)
  A howler monkey (D:4)
  A hound (D:4)
  2 jellies (D:5)
  Jessica (D:2)
  2 sleepcaps
  2 iguanas (D:5)
  Robin (D:2)
  4 gnolls
  5 adders
  A white imp (D:6)
  An ufetubus (D:3)
  2 worms
  A dart slug (D:2)
  8 orcs
  11 ball pythons
  7 endoplasms
  7 giant cockroaches
  13 goblins
  10 hobgoblins
  5 jackals
  5 quokkas
  4 bats
  6 frilled lizards
  6 kobolds
  13 rats
126 creatures vanquished.

Vanquished Creatures (others)
  An orc (D:6)
1 creature vanquished.

Grand Total: 127 creatures vanquished

Notes
Turn   | Place    | Note
-------+----------+-------------------------------------------
     0 | D:1      | randomguy2701 the Hill Orc Fighter began the quest for the
                  | Orb.
     0 | D:1      | Reached XP level 1. HP: 19/19 MP: 1/1
   206 | D:1      | Reached XP level 2. HP: 18/27 MP: 2/2
   207 | D:1      | Reached skill level 3 in Axes
   379 | D:1      | Reached XP level 3. HP: 33/33 MP: 3/3
   998 | D:2      | Found Facour's Distillery.
  1006 | D:2      | Noticed Jessica
  1012 | D:2      | Reached XP level 4. HP: 23/40 MP: 4/4
  1012 | D:2      | Killed Jessica
  1013 | D:2      | Reached skill level 4 in Axes
  1100 | D:2      | Noticed Robin
  1112 | D:2      | Killed Robin
  1146 | D:2      | Reached XP level 5. HP: 43/47 MP: 5/5
  1367 | D:2      | Found Niakhlole's Antique Weapon Shoppe.
  1414 | D:2      | Noticed Sigmund
  1422 | D:2      | Killed Sigmund
  1423 | D:2      | Reached skill level 6 in Axes
  1423 | D:2      | Reached XP level 6. HP: 54/55 MP: 6/6
  1562 | D:2      | Found Zaushryix's Jewellery Shoppe.
  1630 | D:2      | Found Xaenn's Book Shoppe.
  1733 | D:2      | Found Mekiux's Magic Scroll Emporium.
  2029 | D:3      | Reached skill level 5 in Fighting
  2530 | D:4      | Reached skill level 7 in Axes
  2538 | D:4      | Found Zokefox's Book Boutique.
  2538 | D:4      | Identified the +1 robe of the Desert {+Inv rElec rF-
                  | Stlth+}
  2557 | D:4      | Found Toitz's Book Shop.
  2557 | D:4      | Found Kademoxt's Armour Boutique.
  2600 | D:4      | Reached XP level 7. HP: 52/61 MP: 7/7
  2704 | D:4      | Identified the ring "Wunetezu" {Wiz *Slow rF+++ Str-5
                  | Slay+6}
  3006 | D:5      | Entered Level 5 of the Dungeon
  3310 | D:5      | Noticed Edmund
  3330 | D:5      | Reached skill level 8 in Axes
  3331 | D:5      | Killed Edmund
  3509 | D:5      | Found Coil's Self-Published Books.
  3672 | D:5      | Reached XP level 8. HP: 63/70 MP: 8/8
  3717 | D:5      | Reached skill level 9 in Axes
  3910 | D:5      | Found a glowing golden altar of the Shining One.
  4080 | D:6      | Reached skill level 5 in Shields
  4086 | D:6      | Reached skill level 5 in Armour
  4093 | D:6      | Killed from afar by a steam dragon

Illustrated notes

Levels and vault maps discovered:
D:1:      psy_arrival_terrarium, layout_loops_ring
D:2:      layout_loops_ring, serial_shops, nicolae_shop_peninsula,
          nicolae_shop_hallway_stairs, shop, nicolae_shop_stone, shop,
          minmay_rat_gold_closets, uniq_sigmund, uniq_jessica, uniq_robin
D:3:      layout_loops_ring, st_stairs_3
D:4:      layout_basic, kennysheep_doodads, nicolae_wooded_promenade
D:5:      layout_rooms, mainiacjoe_overflow_six_doors_small,
          serial_corexii_hall, chequers_hall_statues_y,
          chequers_hall_statues_wall_a, nicolae_hexahallways,
          nicolae_custom_books, uniq_edmund
D:6:      layout_basic, minmay_temple_entry_ruins, uniq_jeremiah

Skill      XL: |  1  2  3  4  5  6  7  8 |
---------------+-------------------------+-----
Axes           | 3 4 6 7 8 9 |  9.5
Fighting       | 4 5 6 |  6.2
Armour         | 4 5 |  5.0
Shields        | 4 5 |  5.0
Dodging        | |  0.8

Action                     |  1- 3 |  4- 6 |  7- 9 || total
---------------------------+-------+-------+-------++-------
  Melee: War axe           |    74 |   178 |   101 ||   353
    Use: Potion            |       |       |     1 ||     1
 Armour: Scale mail        |    58 |       |       ||    58
         Plate armour      |     6 |   156 |    67 ||   229
  Dodge: Dodged            |    30 |    41 |    52 ||   123
  Block: Buckler           |    14 |    45 |    28 ||    87

Table legend: (Time is in decaauts)
 A = Elapsed time spent in this place.
 B = Non-inter-level travel time spent in this place.
 C = Inter-level travel time spent in this place.
 D = Time resting spent in this place.
 E = Time spent auto-exploring this place.
 F = Levels seen in this place.
 G = Mean time per level.
                   A        B        C        D        E       F      G
               +--------+--------+--------+--------+--------+-----+--------+
         Total |   4182 |   4056 |    126 |      0 |   3317 |   6 |  697.0 |
       Dungeon |   4182 |   4056 |    126 |      0 |   3317 |   6 |  697.0 |
               +--------+--------+--------+--------+--------+-----+--------+

Top non-repeatable levels by time:
     D:5: 1069 daAuts
     D:1: 997 daAuts
     D:2: 935 daAuts
     D:3: 655 daAuts
     D:4: 499 daAuts
     D:6: 25 daAuts
